 Dungeon Crawl Stone Soup version 0.18.1-5-g4a78601 (webtiles) character file.

446524 manyhoops the Slayer (level 22, -17/198 HPs)
             Began as a Demonspawn Gladiator on May 9, 2016.
             Was a High Priest of Okawaru.
             Killed from afar by a shadow dragon (51 damage)
             ... with a bolt of negative energy
             ... on level 5 of the Vaults on May 10, 2016.
             The game lasted 03:04:52 (48850 turns).

manyhoops the Slayer (Demonspawn Gladiator)        Turns: 48850, Time: 03:04:52

Health: -17/198    AC: 45    Str: 30    XL:     22   Next: 81%
Magic:  28/28      EV: 13    Int: 14    God:    Okawaru [*****.]
Gold:   1893       SH: 15    Dex: 21    Spells: 0 memorised, 21 levels left

rFire  . . .     SeeInvis +     X - +4 demon blade of Imminent Death {pain, +Rage rC++ Str+4 Dex-5}
rCold  + + +     Gourm    +     Z - +10 crystal plate armour of Dogma {rElec rPois rF- rC+}
rNeg   . . .     Faith    .     t - +0 shield {reflect}
rPois  +         Spirit   .     L - +0 mask of the Dragon {MR+ Slay+3 SInv}
rElec  +         Dismiss  .     N - +2 cloak {rPois}
rCorr  +         Reflect  +     c - +2 pair of gloves of the Nexus {rCorr Str-3 Dex+7 SInv}
SustAt .         Harm     .     (boots unavailable)
MR     ++...     Clarity  +     W - amulet "Relocemp" {Gourm rPois Str+6 Dex+2 Stlth+}
Stlth  ..........               w - ring "Umneov" {rC+ Int+5}
                                Y - +4 ring of protection

@: studying 2 skills, repel missiles, heavily drained, very resistant to hostile
enchantments, extremely unstealthy
A: hooves 3, repulsion field 3, clarity, fire resistance 1, foul stench 2,
mutation resistance 1, electricity resistance, spiny 3, rot immunity
a: Heroism, Finesse, Renounce Religion, Evoke Berserk Rage
}: 3/15 runes: serpentine, barnacled, silver


You were on level 5 of the Vaults.
You worshipped Okawaru.
Okawaru was extremely pleased with you.
You were very full.

You visited 9 branches of the dungeon, and saw 45 of its levels.
You visited the Abyss 1 time.
You visited 1 bazaar.
You also visited: Labyrinth, Ossuary and Ice Cave.

You collected 5881 gold pieces.
You spent 3988 gold pieces at shops.

Inventory:

Hand Weapons
 B - the +8 long sword of Irrepressible Laughter {freeze, +Fly Stlth+}
   (Okawaru gifted it to you on level 4 of the Vaults)

   It has been specially enchanted to freeze those struck by it, causing extra
   injury to most foes and up to half again as much damage against particularly
   susceptible opponents.
   It can also slow down cold-blooded creatures.
   It lets you fly.
   It makes you more stealthy.
 X - the +4 demon blade of Imminent Death (weapon) {pain, +Rage rC++ Str+4 Dex-5}
   (Okawaru gifted it to you on level 2 of the Vaults)

   In the hands of one skilled in necromantic magic, it inflicts extra damage on
   living creatures.
   It affects your strength (+4).
   It affects your dexterity (-5).
   It greatly protects you from cold.
   It lets you go berserk.
Missiles
 y - 10 throwing nets (quivered)
Armour
 c - the +2 pair of gloves of the Nexus (worn) {rCorr Str-3 Dex+7 SInv}
   (You bought it in a shop in a bazaar)

   It affects your strength (-3).
   It affects your dexterity (+7).
   It lets you see invisible.
   It protects you from acid and corrosion.
 t - a +0 shield of reflection (worn)
 L - the +0 mask of the Dragon (worn) {MR+ Slay+3 SInv}
   (You bought it in a shop on level 2 of the Orcish Mines)

   It affects your accuracy and damage with ranged weapons and melee attacks
   (+3).
   It affects your resistance to hostile enchantments.
   It lets you see invisible.
 N - a +2 cloak of poison resistance (worn)
 T - the +0 buckler of Curiosity {rPois Regen+}
   (Okawaru gifted it to you on level 1 of the Snake Pit)

   It protects you from poison.
   It increases your rate of regeneration.
 Z - the +10 crystal plate armour of Dogma (worn) {rElec rPois rF- rC+}
   (Okawaru gifted it to you on level 7 of the Lair of Beasts)

   It makes you vulnerable to fire.
   It protects you from cold.
   It insulates you from electricity.
   It protects you from poison.
Jewellery
 a - an uncursed amulet of harm
 e - a +3 ring of protection
 w - the ring "Umneov" (right hand) {rC+ Int+5}
   (You found it on level 7 of the Lair of Beasts)

   [ring of protection from cold]

   It affects your intelligence (+5).
   It protects you from cold.
 W - the amulet "Relocemp" (around neck) {Gourm rPois Str+6 Dex+2 Stlth+}
   (You found it in a labyrinth)

   [amulet of the gourmand]

   It allows you to eat raw meat even when not hungry.
   It affects your strength (+6).
   It affects your dexterity (+2).
   It protects you from poison.
   It makes you more stealthy.
 Y - a +4 ring of protection (left hand)
Wands
 f - a wand of lightning (6/15)
 l - a wand of flame (17/48)
 n - a wand of digging (10/24)
 s - a wand of iceblast (3/15)
 C - a wand of disintegration (9/24)
Scrolls
 b - 8 scrolls of random uselessness
 q - 8 scrolls of immolation
 u - 4 scrolls of recharging
 v - 5 scrolls of teleportation
 E - 4 scrolls of noise
 F - a scroll of summoning
 G - 3 scrolls of vulnerability
 K - 7 scrolls of fear
 O - 3 scrolls of magic mapping
 R - 2 scrolls of amnesia
 S - 24 scrolls of remove curse
 U - 3 scrolls of blinking
Potions
 d - 5 potions of brilliance
 g - 4 potions of heal wounds
 j - 5 potions of berserk rage
 k - 8 potions of haste
 m - 6 potions of cancellation
 p - 9 potions of flight
 r - 24 potions of curing
 A - 11 potions of agility
 D - a potion of invisibility
 H - a potion of magic
 M - 3 potions of resistance
 V - 3 potions of might
Books
 x - a manual of Dodging
 z - a manual of Short Blades
Miscellaneous
 h - a disc of storms
 i - a phial of floods
 I - a sack of spiders {used: 1}
 J - a box of beasts
Comestibles
 o - 17 meat rations
 Q - 9 fruits


   Skills:
 - Level 22.6(18.9) Fighting
 - Level 16.2(12.9) Long Blades
 - Level 1.7(0.0) Throwing
 - Level 18.9(15.5) Armour
 + Level 7.5(4.9) Dodging
 - Level 15.5(12.3) Shields
 - Level 7.7(5.1) Invocations
 - Level 8.0(5.4) Evocations


You had 21 spell levels left.
You didn't know any spells.

Dungeon Overview and Level Annotations

Branches:
Dungeon (15/15)            Temple (1/1) D:4            Lair (8/8) D:8
 Shoals (4/4) Lair:5        Snake (4/4) Lair:4        Slime (3/6) Lair:8
    Orc (2/2) D:12            Elf (3/3) Orc:2        Vaults (5/5) D:14
  Crypt (0/3) Vaults:2     Depths (0/5) D:15

Altars:
Ashenzari
Cheibriados
Dithmenos
Elyvilon
Fedhas
Gozag
Kikubaaqudgha
Makhleb
Nemelex Xobeh
Okawaru
Pakellas
Ru
Sif Muna
Vehumet
Xom
Zin
The Shining One
Beogh
Jiyva

Shops:
D:4 %!**}   D:9 ?   D:12 *   Orc:2 ([%=   Shoals:1 %(!   Vaults:3 !
Vaults:4 (

Annotations:
D:4 Menkaure
Vaults:5 Margery


Innate Abilities, Weirdness & Mutations

You have hooves in place of feet.
You are surrounded by a strong repulsion field (EV +4, rMsl).
Your flesh is heat resistant.
You frequently emit foul miasma when damaged in melee.
You are completely covered in sharp spines.
You are immune to rotting.
You possess an exceptional clarity of mind.
You are somewhat resistant to further mutation.
You are resistant to electric shocks.


Message History

a great mace; a glowing scale mail The shadow dragon breathes negative energy at you.
The bolt of negative energy hits you!
You feel drained.
The shadow dragon breathes negative energy at you.
The bolt of negative energy hits you!
You feel drained.
You feel like a meek peon again.
The shadow dragon breathes negative energy at you.
The bolt of negative energy hits you!
You feel drained.
* * * LOW HITPOINT WARNING * * *
Things that are here:
a great mace; a chain mail The shadow dragon is struck by your spines.
The shadow dragon misses you. You block the shadow dragon's attack.
The shadow dragon claws you but does no damage.
You slash the shadow dragon!
You kick the shadow dragon, but do no damage.
The shadow dragon is lightly wounded.
The shadow dragon breathes negative energy at you.
The bolt of negative energy hits you!
You feel drained.
You die...

*****************######
,,,,,,,,,,,,,,,,,.....#
,,,,,,,,,,,,,,,,,.....#
*************#####....#
,,,,,,,,,,,,,,....(...#
################...#,,*
.....(.....))....Dp#,,*
################@#)#,,*
,,,,,,,,,......#.#.#,,*
############...#.#.#,,*
..()......^....#.#D#,,*
..)..)รท....).#.#.#.#,,*
|.........")(#.#.#p#,,*
.[..^.)))..()#.#.#p#,,*
.[.)^...)....#.#.#.#,,*
.|[.....(....#.#.#Q#,,*


You could see a shadow dragon and a vault guard.

Vanquished Creatures
  Vashnia (Snake:2)
  Norris (Vaults:1)
  Jorgrun (Snake:2)
  An Ice Fiend (IceCv)
  A lich (Vaults:5)
  Rupert (D:13)
  A tentacled monstrosity (Vaults:5)
  A quicksilver dragon (Vaults:5)
  2 titans (Vaults:5)
  3 deep elf blademasters
  A deep elf master archer (Elf:3)
  An acid blob (Slime:2)
  A kraken (Shoals:1)
  2 ancient champions (Vaults:2)
  Agnes (Vaults:2)
  An Executioner (Abyss:3)
  Kirke (Lair:5)
  The ghost of Chiseanne the Peltast, an adept FoFi of Gozag (Elf:2)
  5 tengu reavers
  3 shadow dragons (Vaults:5)
  Ilsuiw (Shoals:3)
  Donald (Snake:2)
  An orc warlord (Orc:2)
  11 deep elf sorcerers
  An azure jelly (Elf:2)
  14 vault wardens
  4 fire giants
  Louise (Vaults:2)
  7 greater nagas
  Aizul (Snake:2)
  Wiglaf (Vaults:2)
  A frost giant (Vaults:5)
  3 deep elf elementalists (Elf:3)
  A war gargoyle (Vaults:5)
  15 ironheart preservers
  3 very ugly things (Vaults:4)
  3 stone giants (Vaults:5)
  10 deep elf demonologists
  8 deep elf annihilators
  A salamander stormcaller (Vaults:3)
  Azrael (Snake:1)
  A purple draconian (Abyss:3)
  A crystal guardian (Vaults:2)
  2 ettins
  8 merfolk javelineers
  The ghost of CcS the Severer, a journeyman GrBe of Trog (Lair:6)
  6 deep elf death magi
  Josephine (D:13)
  3 fire dragons
  14 vault guards
  Snorg (Lair:3)
  11 yaktaur captains
  A minotaur (Lab)
  3 merfolk impalers
  6 deep elf high priests
  5 hydras
  An ice dragon (Vaults:1)
  A catoblepas (Lair:8)
  An anaconda (shapeshifter) (Vaults:4)
  2 alligator snapping turtles (Shoals:4)
  19 naga warriors
  4 merfolk aquamancers (Shoals:4)
  4 merfolk avatars
  The ghost of Arial99 the Basher, a novice MiFi of Okawaru (D:10)
  6 anacondas
  11 ogre magi
  A satyr (Shoals:4)
  33 dancing weapons
  A deep troll shaman (Vaults:2)
  Erolcha (D:9)
  A vampire mage (Vaults:2)
  A tengu warrior (D:13)
  3 centaur warriors
  6 shock serpents
  2 deep troll earth magi (Vaults:4)
  2 orc high priests
  Nergalle (D:8)
  33 deep elf knights
  13 naga sharpshooters
  2 shadow wraiths
  2 salamander mystics (Snake:2)
  A hell knight (Vaults:2)
  A fire crab (Vaults:5)
  5 small abominations
  5 skeletal warriors (D:13)
  2 giant orange brains
  4 wizards
  14 deep trolls
  An unseen horror (shapeshifter) (Vaults:2)
  2 unseen horrors
  9 sea snakes
  2 flayed ghosts (Vaults:3)
  A death drake (shapeshifter) (Elf:2)
  A lindwurm (shapeshifter) (Vaults:2)
  3 phantasmal warriors (Vaults:5)
  22 deep elf archers
  A swamp dragon (shapeshifter) (Vaults:3)
  Pikel (D:7)
  3 hill giants
  41 harpies
  10 ironbrand convokers
  9 naga ritualists
  5 necromancers
  10 orc knights
  19 salamanders
  12 ugly things
  8 cyclopes
  3 wolf spiders
  7 mana vipers
  A tengu zombie (Vaults:4)
  57 deep elf magi
  8 manticores
  14 griffons
  15 vault sentinels
  7 orc sorcerers
  A shining eye (shapeshifter) (Vaults:5)
  7 fauns (Shoals:1)
  21 elephants
  29 black mambas
  8 sirens
  25 naga magi
  Joseph (Lair:1)
  8 large abominations
  A smoke demon (Abyss:3)
  5 water nymphs
  7 guardian serpents
  2 ice statues (IceCv)
  A guardian serpent (shapeshifter) (Elf:1)
  Psyche (D:12)
  2 efreet
  A gargoyle (D:11)
  10 spiny frogs
  5 freezing wraiths
  2 human zombies
  A rime drake (shapeshifter) (Vaults:4)
  3 rime drakes
  A yaktaur zombie (Vaults:4)
  33 yaktaurs
  A kobold demonologist (Vaults:3)
  10 komodo dragons
  12 ice devils (IceCv)
  A tengu conjurer (D:13)
  24 merfolk
  9 polar bears (Lair:8)
  A polar bear (shapeshifter) (Vaults:2)
  3 trolls
  28 slime creatures
  15 blink frogs
  29 two-headed ogres
  5 boulder beetles
  A blink frog (shapeshifter) (Vaults:2)
  5 wind drakes
  10 raiju
  4 snapping turtles
  A frost giant simulacrum (Vaults:1)
  A flying skull (Vaults:2)
  A centaur simulacrum (D:15)
  7 wraiths
  9 water elementals
  3 air elementals
  A shadow (D:13)
  4 redbacks (Vaults:4)
  3 vampires
  A wyvern (D:15)
  2 yaks (shapeshifter)
  A ynoxinul (Abyss:3)
  7 fire elementals
  50 yaks
  3 hungry ghosts
  12 hippogriffs
  Eustachio (D:6)
  4 golden eyes (Slime:2)
  7 basilisks
  A neqoxec (Abyss:3)
  3 steam dragons
  2 hogs (Lair:5)
  4 mottled dragons (Lair:8)
  16 vampire mosquitoes
  9 wargs
  37 nagas
  A giant eyeball (shapeshifter) (Vaults:4)
  23 water moccasins
  8 hell hounds
  11 porcupines
  5 ice beasts
  32 orc warriors
  A sky beast (D:12)
  4 slaves (D:7)
  13 black bears (Lair:8)
  2 eyes of draining (Slime:1)
  7 starcursed masses (Abyss:3)
  The ghost of SkaryMonk the Cudgeler, an amateur HOAK of Lugonu (D:3)
  A necrophage (D:8)
  50 ogres
  15 wolves
  A wasp (D:8)
  A phantom (D:9)
  7 boggarts
  13 centaurs
  An orc skeleton (Vaults:2)
  2 human skeletons
  19 crocodiles
  5 elf zombies (Elf:1)
  3 big kobolds
  2 wyvern zombies
  A glowing shapeshifter simulacrum (Vaults:1)
  An earth elemental (Elf:1)
  24 giant frogs
  A gnoll sergeant (D:11)
  2 scorpions
  A wyvern skeleton (D:14)
  A killer bee (D:12)
  11 wights
  A giant frog zombie (D:6)
  11 howler monkeys
  15 crimson imps
  A human simulacrum (Vaults:3)
  A quasit (D:8)
  8 centaur skeletons
  17 hounds
  17 orc priests
  15 jellies
  A giant frog skeleton (D:6)
  23 orc wizards
  12 iguanas
  9 worker ants
  A killer bee zombie (D:7)
  11 sheep
  A big kobold zombie (Ossuary)
  A hound zombie (D:7)
  A hound skeleton (D:4)
  9 mummies
  A howler monkey zombie (D:5)
  A worker ant zombie (D:11)
  12 gnolls
  A howler monkey skeleton (D:9)
  10 adders
  70 river rats
  5 shadow imps
  10 white imps (IceCv)
  4 ufetubi (IceCv)
  16 oozes
  3 adder skeletons
  2 adder zombies (D:5)
  2 worms
  2 dart slugs
  4 giant geckos
  122 orcs
  4 ball pythons
  A gnoll zombie (Ossuary)
  8 hobgoblins
  9 jackals
  2 quokkas (D:6)
  9 bats
  A giant gecko skeleton (D:6)
  8 giant newts
  6 goblins
  2 hobgoblin zombies (Ossuary)
  22 kobolds
  2 kobold zombies (Ossuary)
  2 orc zombies (Ossuary)
  A quokka skeleton (D:4)
  12 rats
  4 crawling corpses
  4 tentacles (Shoals:1)
1949 creatures vanquished.

Vanquished Creatures (collateral kills)
  A naga warrior (Snake:2)
1 creature vanquished.

Vanquished Creatures (others)
  A tengu reaver (Vaults:5)
  A deep elf high priest (Elf:1)
  An ogre mage (Vaults:2)
  A flayed ghost (Vaults:3)
  A black mamba (shapeshifter) (Vaults:4)
  A vault sentinel (Vaults:3)
  A two-headed ogre (Vaults:2)
  A human (Lair:5)
  2 orc priests
  A white imp (IceCv)
  2 ufetubi (IceCv)
  4 orcs
  A crawling corpse (Elf:1)
  16 fungi
  23 plants
  7 tentacles (Shoals:1)
  13 tentacle segments (Shoals:1)
77 creatures vanquished.

Grand Total: 2027 creatures vanquished

Notes
Turn   | Place    | Note
--------------------------------------------------------------
     0 | D:1      | manyhoops the Demonspawn Gladiator began the quest for the Orb.
     0 | D:1      | Reached XP level 1. HP: 16/16 MP: 1/1
   122 | D:1      | Gained mutation: You are partially covered in sharp spines. [demonic ancestry]
   122 | D:1      | Reached XP level 2. HP: 22/22 MP: 2/2
   125 | D:1      | Found a shimmering altar of Xom.
   458 | D:1      | Gained mutation: You are immune to rotting. [demonic ancestry]
   458 | D:1      | Reached XP level 3. HP: 28/28 MP: 3/3
  1304 | D:3      | Gained mutation: You are mostly covered in sharp spines. [demonic ancestry]
  1304 | D:3      | Reached XP level 4. HP: 33/34 MP: 4/4
  1320 | D:3      | Reached skill level 3 in Fighting
  1320 | D:3      | Reached skill level 1 in Armour
  1379 | D:3      | Noticed SkaryMonk's ghost (amateur HOAK)
  1386 | D:3      | Killed SkaryMonk's ghost
  1386 | D:3      | Reached XP level 5. HP: 31/41 MP: 5/5
  1515 | D:3      | Found a glowing golden altar of the Shining One.
  2096 | D:4      | Reached XP level 6. HP: 47/47 MP: 6/6
  2133 | D:4      | Reached skill level 5 in Long Blades
  2146 | D:4      | Found Wiacunn's General Store.
  2154 | D:4      | Bought a scroll of identify for 20 gold pieces
  2441 | D:4      | Reached skill level 4 in Fighting
  2458 | D:4      | Found Qojadgh's Food Shop.
  2507 | D:4      | Found Hywneu's Distillery.
  2507 | D:4      | Noticed Menkaure
  2830 | D:4      | Found a staircase to the Ecumenical Temple.
  2832 | D:4      | Reached XP level 7. HP: 37/54 MP: 7/7
  2858 | Temple   | Entered the Ecumenical Temple
  2885 | Temple   | Became a worshipper of Warmaster Okawaru
  3051 | D:4      | Found an oddly glowing altar of Pakellas.
  3051 | D:4      | Found a sparkling altar of Nemelex Xobeh.
  3057 | D:4      | Found a white marble altar of Elyvilon.
  3527 | D:4      | Found Ruvarphe's General Store.
  3533 | D:4      | Bought a scroll of identify for 26 gold pieces
  3533 | D:4      | Bought a +0 cloak for 58 gold pieces
  3550 | D:4      | Found Bonorid's Gadget Shop.
  3616 | D:5      | Entered Level 5 of the Dungeon
  4207 | D:5      | Gained mutation: You have large cloven feet. [demonic ancestry]
  4207 | D:5      | Reached XP level 8. HP: 60/61 MP: 8/8
  4245 | D:5      | Found a sacrificial altar of Ru.
  4245 | D:5      | Found a snail-covered altar of Cheibriados.
  4539 | D:6      | Reached * piety under Okawaru
  4592 | D:6      | Noticed Eustachio
  4646 | D:6      | Killed Eustachio
  4646 | D:6      | Reached skill level 5 in Armour
  4672 | D:6      | Reached skill level 5 in Fighting
  4777 | D:7      | Found a sand-covered staircase.
  4854 | Ossuary  | Entered an ossuary
  5856 | D:6      | Found a shimmering altar of Xom.
  5860 | D:6      | Reached ** piety under Okawaru
  6014 | D:7      | Noticed Pikel
  6030 | D:7      | Gained mutation: You may emit foul miasma when damaged in melee. [demonic ancestry]
  6030 | D:7      | Reached XP level 9. HP: 59/69 MP: 9/9
  6032 | D:7      | Killed Pikel
  6032 | D:7      | Reached skill level 6 in Fighting
  6189 | D:7      | Found a glowing silver altar of Zin.
  6189 | D:7      | Found an opulent altar of Gozag.
  6660 | D:8      | Found a staircase to the Lair.
  7300 | D:9      | Noticed a troll
  7463 | D:9      | Reached *** piety under Okawaru
  7560 | D:9      | Noticed Erolcha
  7576 | D:9      | Killed Erolcha
  7576 | D:9      | Reached skill level 7 in Fighting
  7576 | D:9      | Gained mutation: You frequently emit foul miasma when damaged in melee. [demonic ancestry]
  7576 | D:9      | Reached XP level 10. HP: 14/79 MP: 8/10
  7833 | D:9      | Found Geskuj's Magic Scroll Emporium.
  7866 | D:9      | Bought a scroll of identify for 22 gold pieces
  7866 | D:9      | Bought a scroll of identify for 22 gold pieces
  7866 | D:9      | Bought a scroll of identify for 22 gold pieces
  7866 | D:9      | Bought a scroll of remove curse for 33 gold pieces
  7866 | D:9      | Bought a scroll of enchant armour for 82 gold pieces
  8182 | D:9      | Found a burning altar of Makhleb.
  8198 | D:9      | Found a blossoming altar of Fedhas.
  8242 | D:9      | Found a radiant altar of Vehumet.
  8255 | D:9      | Found an ancient bone altar of Kikubaaqudgha.
  8257 | D:9      | Found a deep blue altar of Sif Muna.
  8280 | D:9      | Identified Kikubaaqudgha's Almanac of Dark Rituals
  8397 | D:10     | Entered Level 10 of the Dungeon
  8614 | D:10     | Noticed Arial99's ghost (novice MiFi)
  8888 | D:9      | Reached skill level 1 in Invocations
  9367 | D:11     | Noticed an eight-headed hydra
  9405 | D:11     | Reached **** piety under Okawaru
 10151 | D:11     | Noticed a gargoyle
 10164 | D:11     | Killed a gargoyle
 10397 | Lair:1   | Entered Level 1 of the Lair of Beasts
 10715 | Lair:1   | Gained mutation: You are agile. (Dex +2) [potion of mutation]
 10715 | Lair:1   | Gained mutation: You regenerate slowly when monsters are visible. [potion of mutation]
 10715 | Lair:1   | Gained mutation: You are resistant to electric shocks. [potion of mutation]
 10716 | Lair:1   | Gained mutation: You have a pair of small horns on your head. [potion of mutation]
 10716 | Lair:1   | Gained mutation: Your mind is acute. (Int +2) [potion of mutation]
 10717 | Lair:1   | Lost mutation: Your mind is acute. (Int +2) [potion of cure mutation]
 10717 | Lair:1   | Lost mutation: You are agile. (Dex +2) [potion of cure mutation]
 10717 | Lair:1   | Lost mutation: You have a pair of small horns on your head. [potion of cure mutation]
 10717 | Lair:1   | Lost mutation: You regenerate slowly when monsters are visible. [potion of cure mutation]
 10741 | Lair:1   | Noticed Nergalle
 10765 | Lair:1   | Reached XP level 11. HP: 73/86 MP: 13/13
 10811 | D:8      | Killed Nergalle
 10811 | D:8      | Reached skill level 8 in Fighting
 10811 | D:8      | Reached skill level 10 in Armour
 10850 | Lair:1   | Found a labyrinth entrance.
 10861 | Lab      | Entered a labyrinth
 11086 | Lab      | Noticed a minotaur
 11098 | Lab      | Killed a minotaur
 11098 | Lab      | Reached skill level 10 in Long Blades
 11101 | Lab      | Got a shimmering scimitar {venom}
 11125 | Lab      | Got a coiled ivory amulet
 11125 | Lab      | Identified the Disquisition on the Supportive Frostbite
 11173 | Lab      | Identified the amulet "Relocemp" {Gourm rPois Str+6 Dex+2 Stlth+} (You found it in a labyrinth)
 11465 | Lair:1   | Identified the +4 scimitar of Carrugi {venom, MR+ Str-2 Dex+3} (You took it off a minotaur in a labyrinth)
 11731 | Lair:1   | Noticed an eight-headed hydra
 11748 | Lair:1   | Noticed Joseph
 11866 | D:10     | Killed Arial99's ghost
 12006 | D:12     | Found Jierunud's General Store.
 12019 | D:12     | Bought a scroll of enchant weapon for 112 gold pieces
 12019 | D:12     | Bought a potion of heal wounds for 75 gold pieces
 12019 | D:12     | Bought a scroll of identify for 30 gold pieces
 12029 | D:12     | Found a roughly hewn altar of Beogh.
 12029 | D:12     | Found a staircase to the Orcish Mines.
 12029 | D:12     | Noticed an orc knight
 12061 | D:11     | Killed an orc knight
 12061 | D:11     | Reached skill level 5 in Invocations
 12176 | D:12     | Killed an unseen horror
 12335 | D:12     | Got a bloodstained dagger
 12337 | D:12     | Identified the +6 dagger of the Final Decision {pierce, rF+ Dex+3} (You found it on level 12 of the Dungeon)
 12448 | D:12     | Noticed Psyche
 12457 | D:12     | Killed Psyche
 12645 | Orc:1    | Entered Level 1 of the Orcish Mines
 12671 | Orc:1    | Noticed an orc knight
 12699 | Orc:1    | Reached skill level 9 in Fighting
 12843 | Orc:1    | Killed an orc knight
 12843 | Orc:1    | Reached ***** piety under Okawaru
 13184 | Orc:2    | Entered Level 2 of the Orcish Mines
 13184 | Orc:2    | Found a staircase to the Elven Halls.
 13304 | Orc:2    | Found a roughly hewn altar of Beogh.
 13312 | Orc:2    | Received a gift from Okawaru
 13440 | Orc:2    | Found a roughly hewn altar of Beogh.
 13441 | Orc:2    | Noticed an orc sorcerer
 13441 | Orc:2    | Found Kusying's Food Emporium.
 13445 | Orc:2    | Paralysed by an orc sorcerer for 7 turns
 13453 | Orc:2    | Killed an orc sorcerer
 13453 | Orc:2    | Gained mutation: You are surrounded by a mild repulsion field (EV +2). [demonic ancestry]
 13453 | Orc:2    | Reached XP level 12. HP: 54/95 MP: 15/17
 14155 | Orc:2    | Noticed an orc high priest
 14157 | Orc:2    | Noticed an orc warlord
 14481 | Orc:1    | Gained mutation: You are surrounded by a moderate repulsion field (EV +3). [demonic ancestry]
 14481 | Orc:1    | Reached XP level 13. HP: 101/101 MP: 18/18
 14594 | Orc:2    | Killed an orc warlord
 14618 | Orc:2    | Found Lidd's Antique Armour Boutique.
 14619 | Orc:2    | Found a roughly hewn altar of Beogh.
 14622 | Orc:2    | Found Nizer's Antique Weapon Shop.
 14627 | Orc:2    | Bought the +0 mask of the Dragon {MR+ Slay+3 SInv} for 835 gold pieces
 14808 | Orc:2    | Received a gift from Okawaru
 14942 | Orc:2    | Found a roughly hewn altar of Beogh.
 14943 | Orc:2    | Found Tuathoa's Jewellery Shop.
 15026 | Orc:2    | Bought a brightly glowing chain mail for 237 gold pieces
 15039 | Orc:2    | Identified the +6 chain mail of the Orb {rF+} (You bought it in a shop on level 2 of the Orcish Mines)
 15735 | Lair:1   | Killed Joseph
 16155 | Lair:2   | Received a gift from Okawaru
 16155 | Lair:2   | Reached skill level 10 in Fighting
 16970 | Lair:3   | Noticed Snorg
 16983 | Lair:3   | Killed Snorg
 17377 | Lair:3   | Received a gift from Okawaru
 17614 | Lair:4   | Found a staircase to the Snake Pit.
 17618 | Lair:4   | Reached skill level 11 in Fighting
 17776 | Lair:4   | Reached XP level 14. HP: 99/113 MP: 19/19
 17800 | Lair:4   | Got a pair of dazzling gloves
 17811 | Lair:4   | Identified the +1 pair of gloves of Serendipity {Stlth+} (You found it on level 4 of the Lair of Beasts)
 18372 | Lair:5   | Found an opulent altar of Gozag.
 18881 | Lair:5   | Noticed Kirke
 18893 | Lair:5   | Killed Kirke
 18893 | Lair:5   | Reached skill level 12 in Fighting
 19004 | Lair:5   | Found a staircase to the Shoals.
 19348 | Lair:6   | Noticed CcS's ghost (journeyman GrBe)
 19665 | Lair:6   | Killed CcS's ghost
 20041 | Lair:6   | You fall through a shaft!
 20285 | Lair:7   | Reached ****** piety under Okawaru
 20648 | Lair:7   | Got a fine golden ring
 20924 | Lair:7   | Received a gift from Okawaru
 20927 | Lair:7   | Got an encrusted crystal plate armour {god gift}
 20938 | Lair:7   | Identified the +10 crystal plate armour of Dogma {rElec rPois rF- rC+} (Okawaru gifted it to you on level 7 of the Lair of Beasts)
 20939 | Lair:7   | Identified the ring "Umneov" {rC+ Int+5} (You found it on level 7 of the Lair of Beasts)
 20995 | Lair:8   | Entered Level 8 of the Lair of Beasts
 21090 | Lair:8   | Reached skill level 13 in Fighting
 21808 | Lair:8   | Found a staircase to the Slime Pits.
 21808 | Lair:8   | Found a viscous altar of Jiyva.
 21829 | Lair:8   | Identified Gamamio's Disquisition on the Compass and Snow (You found it on level 8 of the Lair of Beasts)
 21905 | Lair:8   | Gained mutation: You are surrounded by a strong repulsion field (EV +4, rMsl). [demonic ancestry]
 21905 | Lair:8   | Reached XP level 15. HP: 125/125 MP: 20/20
 22002 | Lair:8   | Reached skill level 14 in Fighting
 22248 | Lair:8   | Received a gift from Okawaru
 22257 | Lair:8   | Got a pair of pitted gloves {god gift}
 22317 | Lair:8   | Identified the +4 pair of gloves of Luill {Regen+} (Okawaru gifted it to you on level 8 of the Lair of Beasts)
 22354 | Lair:8   | Got a pair of steaming gloves
 22365 | Lair:8   | Identified the +0 pair of gloves of Ru's Supremacy {rC+ MP-9 Dex+2} (You found it on level 8 of the Lair of Beasts)
 24323 | D:13     | Noticed Rupert
 24325 | D:13     | Noticed Josephine
 24343 | D:13     | Killed Rupert
 24354 | D:13     | Killed Josephine
 24376 | D:13     | Reached skill level 15 in Fighting
 24689 | D:14     | Gained mutation: You possess an exceptional clarity of mind. [potion of beneficial mutation]
 24797 | D:14     | Found a gate to the Vaults.
 24817 | D:14     | Reached skill level 15 in Armour
 24836 | D:14     | Received a gift from Okawaru
 24949 | D:14     | Found an opulent altar of Gozag.
 25019 | D:14     | Found a blossoming altar of Fedhas.
 25266 | D:15     | Entered Level 15 of the Dungeon
 25605 | D:15     | Reached XP level 16. HP: 135/136 MP: 21/21
 25635 | D:15     | Found a staircase to the Depths.
 26302 | Snake:1  | Entered Level 1 of the Snake Pit
 26564 | Snake:1  | Reached skill level 16 in Fighting
 26667 | Snake:1  | Received a gift from Okawaru
 26673 | Snake:1  | Got a crude buckler {god gift}
 26680 | Snake:1  | Identified the +0 buckler of Curiosity {rPois Regen+} (Okawaru gifted it to you on level 1 of the Snake Pit)
 26779 | Snake:1  | Found a shadowy altar of Dithmenos.
 26883 | Snake:2  | Reached skill level 1 in Shields
 27109 | Snake:2  | Noticed Azrael
 27247 | Snake:1  | Killed Azrael
 27317 | Snake:2  | Found a radiant altar of Vehumet.
 27372 | Snake:2  | Noticed Jorgrun
 27384 | Snake:2  | Noticed Vashnia
 27405 | Snake:2  | Killed Jorgrun
 27405 | Snake:2  | Reached skill level 5 in Shields
 27439 | Snake:2  | Killed Vashnia
 27744 | Snake:2  | Noticed Aizul
 27761 | Snake:2  | Killed Aizul
 27949 | Snake:2  | Received a gift from Okawaru
 27975 | Snake:2  | Noticed Donald
 27990 | Snake:2  | Killed Donald
 27990 | Snake:2  | Received a gift from Okawaru
 28609 | Snake:3  | Gained mutation: You have hoof-like feet. [demonic ancestry]
 28609 | Snake:3  | Reached XP level 17. HP: 144/146 MP: 22/22
 29085 | Snake:4  | Entered Level 4 of the Snake Pit
 29441 | Snake:4  | Reached skill level 17 in Fighting
 29967 | Snake:4  | Reached skill level 1 in Evocations
 30116 | Snake:4  | Received a gift from Okawaru
 30663 | Snake:4  | Got a serpentine rune of Zot
 30768 | Snake:2  | Reached skill level 18 in Fighting
 31070 | Elf:1    | Entered Level 1 of the Elven Halls
 31316 | Elf:1    | Identified the Handbook of Necromancy
 31860 | Elf:1    | Gained mutation: You have hooves in place of feet. [demonic ancestry]
 31860 | Elf:1    | Reached XP level 18. HP: 101/158 MP: 23/23
 32403 | Elf:2    | Found a frozen archway.
 32409 | IceCv    | Entered an ice cave
 32643 | IceCv    | Noticed an Ice Fiend
 32656 | IceCv    | Killed an Ice Fiend
 32656 | IceCv    | Reached skill level 19 in Fighting
 33005 | Elf:2    | Noticed Chiseanne's ghost (adept FoFi)
 33033 | Elf:2    | Killed Chiseanne's ghost
 33376 | Elf:2    | Found a runed gate.
 33376 | Elf:2    | Found a runed gate.
 33377 | Elf:2    | Found a runed gate.
 33442 | Elf:2    | Received a gift from Okawaru
 34042 | Elf:3    | Entered Level 3 of the Elven Halls
 34090 | Elf:3    | Noticed an Ice Fiend
 34310 | Elf:3    | Reached skill level 5 in Evocations
 34392 | Elf:3    | Received a gift from Okawaru
 34417 | Elf:3    | Reached skill level 20 in Fighting
 34767 | Elf:3    | Gained mutation: Your flesh is heat resistant. [demonic ancestry]
 34767 | Elf:3    | Reached XP level 19. HP: 153/169 MP: 22/24
 35049 | Elf:3    | Noticed a Brimstone Fiend
 35193 | Elf:3    | Noticed a Brimstone Fiend
 35204 | Elf:3    | Noticed a Brimstone Fiend
 35210 | Elf:3    | Cast into level 2 of the Abyss (a deep elf sorcerer)
 35210 | Abyss:2  | Found a corrupted altar of Lugonu.
 35290 | Abyss:3  | Paralysed by accursed screaming for 1 turns
 35442 | Abyss:3  | Received a gift from Okawaru
 35479 | Elf:3    | Escaped the Abyss
 35838 | Elf:3    | Reached skill level 21 in Fighting
 36385 | Vaults:1 | Entered Level 1 of the Vaults
 36625 | Vaults:1 | Noticed Norris
 36646 | Vaults:1 | Killed Norris
 37320 | Vaults:1 | Received a gift from Okawaru
 38014 | Vaults:2 | Found a staircase to the Crypt.
 38021 | Vaults:2 | Reached XP level 20. HP: 180/180 MP: 22/25
 38396 | Vaults:2 | Identified a scroll of acquirement
 38520 | Vaults:2 | Received a gift from Okawaru
 38661 | Vaults:2 | Got a crystal demon blade {god gift}
 38663 | Vaults:2 | Identified the +4 demon blade of Imminent Death {pain, +Rage rC++ Str+4 Dex-5} (Okawaru gifted it to you on level 2 of the Vaults)
 38781 | Vaults:2 | Noticed Louise
 38781 | Vaults:2 | Noticed Wiglaf
 38782 | Vaults:2 | Noticed Agnes
 38801 | Vaults:2 | Killed Wiglaf
 38818 | Vaults:2 | Killed Agnes
 38846 | Vaults:2 | Killed Louise
 39077 | Vaults:2 | Received a gift from Okawaru
 39091 | Vaults:2 | Got a heavily runed chain mail {god gift}
 39102 | Vaults:2 | Identified the +8 chain mail of Zehyaresch {rF+ rN+ Str-3} (Okawaru gifted it to you on level 2 of the Vaults)
 39354 | Vaults:2 | Reached skill level 15 in Long Blades
 39452 | Vaults:3 | Found a flickering gateway to a bazaar.
 39457 | Bazaar   | Entered a bazaar
 39471 | Bazaar   | Found Zolityug's Food Emporium.
 39492 | Bazaar   | Found Yddoceq's Antique Weapon Emporium.
 39492 | Bazaar   | Found Rixuar's General Store.
 39514 | Bazaar   | Found Axzopn's Weapon Emporium.
 39514 | Bazaar   | Found Gezump's General Store.
 39536 | Bazaar   | Found Tillidan's Assorted Antiques.
 39536 | Bazaar   | Found Peggyble's Antique Armour Shoppe.
 39540 | Bazaar   | Bought a pair of polished gloves for 123 gold pieces
 39551 | Bazaar   | Identified the +2 pair of gloves of the Nexus {rCorr Str-3 Dex+7 SInv} (You bought it in a shop in a bazaar)
 39556 | Bazaar   | Bought a potion of heal wounds for 140 gold pieces
 39556 | Bazaar   | Bought a blackened steel amulet for 140 gold pieces
 39570 | Bazaar   | Bought a pair of runed gloves for 126 gold pieces
 39638 | Bazaar   | Bought a shiny crystal plate armour for 1040 gold pieces
 39717 | Bazaar   | Bought a meat ration for 45 gold pieces
 39717 | Bazaar   | Bought a meat ration for 45 gold pieces
 39717 | Bazaar   | Bought a meat ration for 45 gold pieces
 39717 | Bazaar   | Bought a meat ration for 45 gold pieces
 41598 | Vaults:3 | Found Epoal's Distillery.
 41611 | Vaults:3 | Bought a potion of beneficial mutation for 665 gold pieces
 41612 | Vaults:3 | Gained mutation: You are somewhat resistant to further mutation. [potion of beneficial mutation]
 41630 | Vaults:3 | Received a gift from Okawaru
 42034 | Vaults:4 | Gained mutation: You are completely covered in sharp spines. [demonic ancestry]
 42034 | Vaults:4 | Reached XP level 21. HP: 173/188 MP: 27/27
 42052 | Vaults:4 | Reached skill level 10 in Shields
 42726 | Vaults:4 | Received a gift from Okawaru
 42786 | Vaults:4 | Got a transparent long sword {god gift}
 42787 | Vaults:4 | Identified the +8 long sword of Irrepressible Laughter {freeze, +Fly Stlth+} (Okawaru gifted it to you on level 4 of the Vaults)
 42815 | Vaults:4 | Found Cuga's Antique Weapon Emporium.
 42898 | Vaults:4 | Got a crude bronze ring
 42902 | Vaults:4 | Identified the ring of Ruilucur {rPois rF- rC+ Int+3 Stlth+} (You took it off a vault warden on level 4 of the Vaults)
 43706 | Shoals:1 | Entered Level 1 of the Shoals
 43839 | Shoals:1 | Received a gift from Okawaru
 43853 | Shoals:1 | Got an ancient long sword {god gift}
 43854 | Shoals:1 | Identified the +3 long sword of Iconoclasm {pain, +Inv rF+ MR+} (Okawaru gifted it to you on level 1 of the Shoals)
 43880 | Shoals:1 | Found Zouw's Weapon Boutique.
 43893 | Shoals:1 | Found Kickuse's Distillery.
 44339 | Shoals:1 | Found Zypnigyph's Food Shop.
 45111 | Shoals:4 | Entered Level 4 of the Shoals
 45481 | Shoals:4 | Received a gift from Okawaru
 45501 | Shoals:4 | Got a barnacled rune of Zot
 45654 | Shoals:4 | Reached XP level 22. HP: 196/196 MP: 28/28
 45735 | Shoals:4 | Reached skill level 15 in Shields
 46293 | Shoals:3 | Noticed Ilsuiw
 46346 | Shoals:3 | Killed Ilsuiw
 47094 | Slime:1  | Entered Level 1 of the Pits of Slime
 47211 | Slime:3  | Paralysed by a great orb of eyes for 5 turns
 48031 | Vaults:4 | Reached skill level 22 in Fighting
 48055 | Vaults:5 | Entered Level 5 of the Vaults
 48055 | Vaults:5 | Noticed Mara
 48057 | Vaults:5 | Noticed Margery
 48081 | Vaults:5 | Received a gift from Okawaru
 48127 | Vaults:5 | Got a silver rune of Zot
 48236 | Vaults:5 | Noticed manyhoops's illusion
 48350 | Vaults:5 | HP: 4/198 [deep troll (14)]
 48482 | Vaults:5 | Got an ancient brass amulet
 48508 | Vaults:5 | Received a gift from Okawaru
 48540 | Vaults:5 | Identified the amulet of Jaetemal {RegenMP *Corrode +Fly rPois Dex+7} (You found it on level 5 of the Vaults)
 48727 | Vaults:5 | Reached skill level 5 in Dodging
 48850 | Vaults:5 | Killed from afar by a shadow dragon

Skill      XL: |  1  2  3  4  5  6  7  8  9 10 11 12 13 14 15 16 17 18 19 20 21 22 |
---------------+-------------------------------------------------------------------+-----
Long Blades    | 3 4 5 6 7 8 9 10 13 14 16 | 16.2
Fighting       | 3 4 5 7 9 11 13 15 16 18 20 21 22 | 22.6
Armour         | 1 2 3 4 6 8 9 10 11 12 13 15 16 17 18 | 18.9
Invocations    | 3 6 7 |  7.7
Shields        | 8 9 14 15 | 15.5
Evocations     | 1 5 7 8 |  8.0
Dodging        | 7 |  7.5
Throwing       | |  1.7

Action                   |  1- 3 |  4- 6 |  7- 9 | 10-12 | 13-15 | 16-18 | 19-21 | 22-24 || total
-------------------------+-------+-------+-------+-------+-------+-------+-------+-------++-------
Melee: Long sword        |    51 |    82 |   308 |   253 |       |       |    86 |       ||   780
       Kick              |       |       |    82 |    21 |       |   303 |  1144 |   351 ||  1901
       Punch             |       |       |     1 |     1 |    11 |       |       |       ||    13
       Scimitar          |       |       |       |   255 |  1475 |  1700 |  1092 |       ||  4522
       Dagger            |       |       |       |       |    26 |    42 |       |       ||    68
       Demon blade       |       |       |       |       |       |       |   877 |   594 ||  1471
       Double sword      |       |       |       |       |       |       |    39 |       ||    39
Throw: Throwing net      |       |     3 |       |     1 |       |       |       |       ||     4
       Javelin           |       |       |       |       |     3 |       |       |       ||     3
Invok: Heroism           |       |       |     1 |    11 |    21 |    16 |    12 |     6 ||    67
       Finesse           |       |       |       |       |    11 |     8 |     6 |     7 ||    32
Evoke: Wand              |       |       |       |     1 |       |     5 |     5 |       ||    11
       Disc of storms    |       |       |       |     1 |       |       |     1 |       ||     2
       Deck              |       |       |       |       |       |     3 |       |       ||     3
       Sack of spiders   |       |       |       |       |       |       |       |     1 ||     1
       Phantom mirror    |       |       |       |       |       |       |       |     1 ||     1
  Use: Scroll            |     1 |     6 |     8 |    19 |     6 |     9 |    11 |    12 ||    72
       Potion            |       |     1 |       |     5 |     1 |     1 |     1 |    10 ||    19
 Stab: Held in net/web   |       |       |       |     3 |       |       |       |       ||     3
       Distracted        |       |       |       |       |       |     1 |       |     3 ||     4
  Eat: Chunk             |     1 |     4 |     9 |    28 |    40 |    18 |    26 |     7 ||   133
       Meat ration       |       |       |     2 |     1 |       |     1 |       |     1 ||     5
       Pizza             |       |       |     1 |       |     1 |       |     5 |       ||     7
       Bread ration      |       |       |       |       |       |     2 |     2 |       ||     4
       Royal jelly       |       |       |       |       |       |     1 |       |       ||     1
       Fruit             |       |       |       |       |       |     1 |       |       ||     1
       Beef jerky        |       |       |       |       |       |       |     1 |       ||     1
Armor: Ring mail         |    12 |    15 |       |       |       |       |       |       ||    27
       Scale mail        |       |     1 |     3 |       |       |       |       |       ||     4
       Chain mail        |       |       |   141 |   288 |   350 |   217 |    59 |       ||  1055
       Plate armour      |       |       |       |       |     7 |       |       |       ||     7
       Crystal plate arm |       |       |       |       |   498 |   641 |   966 |   325 ||  2430
Dodge: Dodged            |    26 |    36 |   116 |   228 |   826 |   604 |   767 |   227 ||  2830
       Deflected         |       |       |       |       |    15 |   149 |   105 |    26 ||   295
Block: Buckler           |       |       |       |       |       |   376 |   596 |   147 ||  1119
       Shield            |       |       |       |       |       |       |       |   100 ||   100
       Reflection        |       |       |       |       |       |       |       |     7 ||     7
